 Dungeon Crawl Stone Soup version 0.29.0-11-gd7f09526c8 (webtiles) character file.

Game seed: 14049655956378829775

7961 browni3141 the Jinx (level 11, -2/75 HPs)
             Began as a Formicid Conjurer on Sept 3, 2022.
             Was a Believer of Sif Muna.
             Killed from afar by an acid dragon (20 damage)
             ... with a splash of acid
             ... on level 10 of the Dungeon.
             The game lasted 00:26:34 (10192 turns).

browni3141 the Jinx (Formicid Conjurer)            Turns: 10192, Time: 00:26:35

Health: -2/75      AC:  1    Str: 12    XL:     11   Next: 46%
Magic:  3/32       EV: 11    Int: 22    God:    Sif Muna [**....]
Gold:   622        SH:  5    Dex: 12    Spells: 12/26 levels left

rFire   + . .      SeeInvis +   k - +2 whip (venom)
rCold   + . .      Faith    .   A - +0 buckler
rNeg    . . .      Spirit   .   h - +0 troll leather armour {Pargi}
rPois   .          Reflect  .   (helmet unavailable)
rElec   +          Harm     .   j - +1 cloak
rCorr   +          Rampage  .   e - +0 pair of gloves
Will    +....                   Q - +0 pair of boots
Stlth   ++........              (no amulet)
HPRegen 1.02/turn               D - ring of Mubulaw {rElec rF+ rC+ rCorr SInv}
MPRegen 0.23/turn               W - ring of magical power

@: corroded
A: permanent stasis, dig shafts and tunnels, antennae 3, four strong arms
a: Dig, Shaft Self, Renounce Religion, Channel Magic


You were on level 10 of the Dungeon.
You worshipped Sif Muna.
Sif Muna was pleased with you.
You visited 2 branches of the dungeon, and saw 11 of its levels.
You also visited: Sewer.

You collected 622 gold pieces.


Innate Abilities, Weirdness & Mutations

You cannot be hasted, slowed, berserked, paralysed or teleported.
You can dig through walls and to a lower floor.
You have a pair of large antennae on your head. (SInv)
Your four strong arms can wield two-handed weapons with a shield.


   Skills:
 * Level 3.3 Fighting
 - Level 2.0 Maces & Flails
 * Level 5.3 Armour
 - Level 2.0 Dodging
 - Level 3.0 Stealth
 * Level 5.8 Shields
 - Level 8.0 Spellcasting
 - Level 8.0 Conjurations
 - Level 10.0 Hexes
 - Level 3.0 Translocations
 - Level 6.0 Invocations


You had 12 spell levels left.
You knew the following spells:

 Your Spells              Type           Power      Damage    Failure   Level
d - Dazzling Flash        Conj/Hex       96%        N/A       1%          3
f - Fulminant Prism       Conj/Hex       24%        3d13      2%          4
m - Iskenderun's Mystic   Conj/Tloc      33%        2d8       12%         4
s - Searing Ray           Conj           88%        2d7       1%          2
z - Magic Dart            Conj           100%       1d8       1%          1

Your spell library contained the following spells:

 Spells                   Type           Power      Damage    Failure   Level


Inventory:

Hand Weapons
 k - a +2 whip of venom (weapon)
 G - a +2 whip of electrocution
Missiles
 i - 19 poisoned darts {@f3}
 s - 4 javelins
 v - 4 silver javelins
 K - a curare-tipped dart {@f4}
 N - 2 throwing nets
Armour
 a - a +0 robe
 e - a +0 pair of gloves (worn)
 h - a +0 troll leather armour (worn) {Pargi}
 j - a +1 cloak (worn)
 A - a +0 buckler (worn)
 Q - a +0 pair of boots (worn)
Magical Staves
 E - a staff of earth
Jewellery
 r - an amulet of magic regeneration
 D - the ring of Mubulaw (left hand) {rElec rF+ rC+ rCorr SInv}
   (You found it on level 6 of the Dungeon)

   [ring of protection from cold]

   rF:        It protects you from fire.
   rC:        It protects you from cold.
   rElec:     It insulates you from electricity.
   SInv:      It lets you see invisible.
   rCorr:     It protects you from acid and corrosion.
 O - a +4 ring of protection
 W - a ring of magical power (right hand)
Wands
 L - a wand of flame (17)
 P - a wand of light (4)
Scrolls
 f - 2 scrolls of immolation {unknown}
 g - 3 scrolls of enchant weapon {unknown}
 n - 2 scrolls of noise {!r}
 p - 2 scrolls of enchant armour
 q - 5 scrolls of magic mapping {unknown}
 t - 2 scrolls of fog {unknown}
 u - 2 scrolls of fear {unknown}
 x - a scroll of torment {unknown}
 y - a scroll of amnesia {unknown}
 B - a scroll of poison {unknown}
 I - a scroll of vulnerability {unknown}
 J - a scroll of brand weapon {unknown}
 M - a scroll of blinking {unknown}
 T - a scroll of silence {unknown}
Potions
 b - a potion of magic
 c - 2 potions of flight
 d - 3 potions of berserk rage {!q}
 l - 3 potions of mutation {!q}
 m - 13 potions of curing {unknown}
 o - 6 potions of heal wounds {unknown}
 w - 2 potions of haste {@q3}
 z - a potion of degeneration {!q}
 C - a potion of resistance {unknown}
 F - a potion of lignification {unknown}
 H - 2 potions of brilliance
 R - a potion of attraction {unknown}
 S - 2 potions of ambrosia

Dungeon Overview and Level Annotations

Branches:
Dungeon (10/15)            Temple (1/1) D:6           Sewer (visited)
   Lair: D:8-11         Orc: D:9-12

Altars:
Ashenzari
Cheibriados
Dithmenos
Elyvilon
Fedhas
Gozag
Hepliaklqana
Kikubaaqudgha
Makhleb
Nemelex Xobeh
Okawaru
Ru
Sif Muna
Trog
Uskayaw
Vehumet
Wu Jian
Xom
Yredelemnul
Zin
The Shining One

Shops:
D:6 :   D:9 (

Annotations:
D:3 2 transporters, Monkooky's ghost, amateur BaWr ''¦¦¦¦¦¦¦¦

#...# ....# #.###.###
## ###.####......### ..
###........#..>.####.#
#....########........##
..##.#########.##?....
.............<........
.###.#########.#D.####
.###..## #.#@##
...#...## #)†)#
##......## #.)##
##.......# ###..#
##.......# #....#
.#.......###.##.#
¦¦¦¦.<..###..##.#
...¦¦....##)###.#
....¦¦.^.##)# ..#


You could see an acid dragon (catching breath, ally target) and a friendly
fulminant prism.


Message History

You kill the orc!
Sif Muna accepts your kill.
The mystic blast hits the acid dragon!
You kill the acid dragon!
Sif Muna accepts your kill.
The mystic blast hits the orc wizard!
The orc wizard is almost dead.
The orc wizard is knocked back by the mystic blast.
The orc wizard slams into the rock wall!
You kill the orc wizard!
Sif Muna accepts your kill.
Unknown command.
Casting: Iskenderun's Mystic Blast (dangerous; 12% risk of failure)
Confirm with . or Enter, or press ? or * to list all spells.
Aiming: Fulminant Prism (dangerous; 2% risk of failure)
Press: ? - help, Dir - move target You conjure a prism of explosive energy!
A fulminant prism comes into view.
Unknown command.
You hit the acid dragon but do no damage.
The acid dragon bites you!
* * * LOW HITPOINT WARNING * * *
The acid dragon closely misses you.
Your fulminant prism crackles loudly.
Unknown command.
You hit the acid dragon.
The acid dragon is lightly wounded.
The acid dragon spits acid at you. The splash of acid hits you!! You resist.
You die...

Skill      XL: |  1  2  3  4  5  6  7  8  9 10 11 |
---------------+----------------------------------+-----
Conjurations   | 4 5 6 8 |  8.0
Spellcasting   | 3 4 7 8 |  8.0
Maces & Flails | 2 |  2.0
Hexes          | 2 3 5 9 10 | 10.0
Armour         | 4 5 |  5.3
Shields        | 4 5 |  5.8
Dodging        | 2 |  2.0
Stealth        | 3 |  3.0
Invocations    | 6 |  6.0
Translocations | 2 3 |  3.0
Fighting       | 3 |  3.3

Action                   |  1- 3 |  4- 6 |  7- 9 | 10-12 || total
-------------------------+-------+-------+-------+-------++-------
Melee: Unarmed           |    25 |       |       |       ||    25
       Whip              |     1 |    38 |    64 |   122 ||   225
       Punch             |       |     1 |       |       ||     1
 Cast: Magic Dart        |    61 |    44 |   127 |    69 ||   301
       Searing Ray       |       |     4 |    18 |    13 ||    35
       Fulminant Prism   |       |       |    24 |    52 ||    76
       Iskenderun's Myst |       |       |       |     1 ||     1
Invok: Channel Magic     |       |       |       |     1 ||     1
Evoke: Wand              |       |       |       |     1 ||     1
  Use: Scroll            |       |     4 |     5 |       ||     9
       Potion            |       |     1 |       |       ||     1
 Stab: Distracted        |       |       |       |     1 ||     1
Armor: Robe              |     4 |    14 |    22 |       ||    40
       Troll leather arm |       |       |    15 |    26 ||    41
Dodge: Dodged            |    16 |    24 |    57 |    67 ||   164
Block: Buckler           |       |       |    15 |    34 ||    49

Levels and vault maps discovered:
D:1:      minmay_arrival_four_houses, layout_loops_ring
D:2:      layout_basic, shapermc_ecumenical_altar_acropolis, basic_altar
D:3:      layout_basic, amethyst_overflow_temple_binary,
          gammafunk_ghost_mausoleum, uniq_robin, uniq_grinder
D:4:      layout_cave_pools
D:5:      layout_loops_ring, elyvilon_altar_1, gup_sewer_entry_bowl,
          kennysheep_generic_room_6
D:6:      layout_basic, minmay_temple_entry_statues_pillars, serial_shops, shop
D:7:      layout_rooms, mainiacjoe_overflow_small_starburst,
          jmf_multi_god_temple
D:8:      layout_loops_ring, tgw_kikubaaqudgha, kennysheep_generic_room_14,
          uniq_grum
D:9:      layout_roguey, serial_shops, nicolae_shop_bloodbath_and_beyond,
          serial_bayou_pond_c
D:10:     layout_rooms, nicolae_qazlal_style_of_elements, nemelex_altar_shiori,
          lemuel_round_altar, minivault_25_ag, worms_lemuel, uniq_lodul,
          uniq_fannar
Temple:   nicolae_temple_ecumenical_triangle

Notes
Turn   | Place    | Note
-------+----------+-------------------------------------------
     0 | D:1      | browni3141 the Formicid Conjurer began the quest for the
                  | Orb.
     0 | D:1      | Reached XP level 1. HP: 13/13 MP: 3/3
   306 | D:1      | Reached XP level 2. HP: 19/19 MP: 1/5
   309 | D:1      | Learned a level 2 spell: Searing Ray
   358 | D:1      | Reached skill level 4 in Conjurations
   798 | D:1      | Reached XP level 3. HP: 24/24 MP: 4/7
   911 | D:1      | Reached skill level 3 in Spellcasting
  1479 | D:2      | Found an ornate altar of the Wu Jian Council.
  1549 | D:2      | Reached XP level 4. HP: 30/30 MP: 5/9
  1617 | D:2      | Found a faded altar of an unknown god.
  2032 | D:3      | Reached skill level 1 in Maces & Flails
  2160 | D:3      | Noticed Robin
  2166 | D:3      | Killed Robin
  2317 | D:3      | Reached skill level 4 in Spellcasting
  2353 | D:3      | Reached skill level 2 in Maces & Flails
  2353 | D:3      | Reached XP level 5. HP: 35/35 MP: 5/11
  2709 | D:3      | Noticed Monkooky's ghost (amateur BaWr)
  2720 | D:3      | Noticed Grinder
  2870 | D:3      | Found a burning altar of Makhleb.
  2880 | D:3      | Found an opulent altar of Gozag.
  2914 | D:3      | Found a transporter.
  2921 | D:3      | Found a transporter.
  3264 | D:4      | Noticed an ogre
  3271 | D:4      | Learned a level 4 spell: Fulminant Prism
  3298 | D:4      | Reached skill level 1 in Hexes
  3303 | D:4      | Reached skill level 2 in Hexes
  3303 | D:4      | Reached XP level 6. HP: 23/41 MP: 12/12
  3534 | D:4      | Noticed a black bear
  3568 | D:3      | Killed Grinder
  3569 | D:3      | Reached skill level 5 in Conjurations
  3569 | D:3      | Reached skill level 3 in Hexes
  3569 | D:3      | Reached XP level 7. HP: 41/46 MP: 11/13
  3701 | D:4      | Reached skill level 4 in Hexes
  3898 | D:4      | Reached skill level 5 in Hexes
  4281 | D:4      | Reached skill level 6 in Conjurations
  4281 | D:4      | Reached XP level 8. HP: 52/52 MP: 14/14
  4428 | D:4      | Reached skill level 6 in Hexes
  4619 | D:5      | Entered Level 5 of the Dungeon
  4731 | D:5      | Reached skill level 7 in Hexes
  4889 | D:5      | Found a white marble altar of Elyvilon.
  4964 | D:5      | Reached skill level 8 in Hexes
  5020 | D:5      | Reached skill level 9 in Hexes
  5051 | D:5      | Reached XP level 9. HP: 21/57 MP: 2/15
  5051 | D:5      | Found a glowing drain.
  5228 | Sewer    | Entered a sewer
  5280 | Sewer    | Noticed Pargi
  5300 | Sewer    | Killed Pargi
  5301 | Sewer    | Reached skill level 10 in Hexes
  5301 | Sewer    | Reached skill level 1 in Armour
  5947 | D:6      | Reached skill level 2 in Armour
  5947 | D:6      | Reached skill level 2 in Shields
  6000 | D:6      | Found Ataynysi's Book Shoppe.
  6153 | D:6      | Reached skill level 3 in Armour
  6153 | D:6      | Reached skill level 3 in Shields
  6258 | D:6      | Found a staircase to the Ecumenical Temple.
  6305 | D:6      | Reached skill level 4 in Armour
  6305 | D:6      | Reached skill level 4 in Shields
  6309 | Temple   | Entered the Ecumenical Temple
  6425 | Temple   | Became a worshipper of Sif Muna the Loreminder
  6457 | D:6      | Reached skill level 2 in Dodging
  6457 | D:6      | Reached skill level 3 in Stealth
  6498 | D:6      | Identified the ring of Mubulaw {rElec rF+ rC+ rCorr SInv}
  6545 | D:6      | Reached skill level 1 in Invocations
  6566 | D:6      | Reached skill level 2 in Invocations
  6663 | D:6      | Reached skill level 3 in Invocations
  6932 | D:7      | Reached skill level 4 in Invocations
  6969 | D:7      | Reached skill level 5 in Invocations
  6974 | D:7      | Reached skill level 6 in Invocations
  6974 | D:7      | Reached XP level 10. HP: 61/63 MP: 11/16
  7154 | D:7      | Reached skill level 7 in Conjurations
  7309 | D:7      | Found a radiant altar of Vehumet.
  7522 | D:7      | Found a shimmering altar of Xom.
  7542 | D:7      | Found a basalt altar of Yredelemnul.
  7742 | D:8      | Reached skill level 8 in Conjurations
  7747 | D:8      | Learned a level 4 spell: Iskenderun's Mystic Blast
  7751 | D:8      | Learned a level 3 spell: Dazzling Flash
  7809 | D:8      | Noticed Grum
  7845 | D:8      | Reached skill level 5 in Spellcasting
  7881 | D:8      | Reached * piety under Sif Muna
  8062 | D:8      | Killed Grum
  8069 | D:8      | Reached skill level 6 in Spellcasting
  8720 | D:8      | Found an ancient bone altar of Kikubaaqudgha.
  8806 | D:9      | Noticed a two-headed ogre
  8822 | D:9      | Killed a two-headed ogre
  8823 | D:9      | Reached skill level 7 in Spellcasting
  8823 | D:9      | Reached skill level 2 in Translocations
  8834 | D:9      | Reached XP level 11. HP: 68/68 MP: 8/21
  9021 | D:9      | Reached ** piety under Sif Muna
  9126 | D:9      | Reached skill level 3 in Translocations
  9274 | D:9      | Reached skill level 8 in Spellcasting
  9486 | D:9      | Found Tythrana's Weapon Boutique.
  9550 | D:9      | Reached skill level 1 in Fighting
  9775 | D:10     | Entered Level 10 of the Dungeon
  9790 | D:10     | Reached skill level 2 in Fighting
  9837 | D:10     | Reached skill level 5 in Shields
  9841 | D:10     | Found a broken altar of Ashenzari.
  9979 | D:10     | Found a sparkling altar of Nemelex Xobeh.
 10076 | D:10     | Reached skill level 5 in Armour
 10147 | D:10     | Identified the +3 troll leather armour of Lemezoome {rPois
                  | Regen+ rCorr Str+3}
 10147 | D:10     | Noticed Fannar
 10180 | D:10     | Killed Fannar
 10181 | D:10     | Reached skill level 3 in Fighting
 10192 | D:10     | Killed from afar by an acid dragon

Vanquished Creatures
  Fannar (D:10)
  A two-headed ogre (D:9)
  4 trolls
  Grinder (D:3)
  2 wraiths (D:10)
  A wyvern (D:9)
  A yak (D:8)
  A steam dragon (D:7)
  Grum (D:8)
  An acid dragon (D:10)
  2 swamp worms (D:10)
  3 water moccasins
  3 orc warriors
  Pargi (Sewer)
  A sky beast (D:8)
  3 black bears
  2 ice beasts
  3 wolves (D:8)
  4 ogres
  A centaur (D:5)
  2 kobold brigands (D:8)
  3 phantoms
  3 bullfrogs
  2 scorpions
  A gnoll sergeant (D:8)
  3 wights (D:4)
  9 killer bees
  8 howler monkeys
  2 hounds
  2 orc priests
  2 gnoll boudas
  4 jellies
  6 orc wizards
  6 iguanas
  Robin (D:3)
  16 gnolls
  6 adders
  A river rat (D:5)
  A shadow imp (D:7)
  2 white imps
  An ufetubus (D:5)
  2 worms
  A dart slug (D:4)
  19 orcs
  8 bats
  8 endoplasms
  4 giant cockroaches
  10 hobgoblins
  3 jackals (D:1)
  17 kobolds
  5 quokkas
  10 ball pythons
  2 frilled lizards
  10 goblins
  4 rats
221 creatures vanquished.

Vanquished Creatures (others)
  A human (D:8)
  A bullfrog (D:7)
  A killer bee (D:7)
  75 fulminant prisms
  11 plants
89 creatures vanquished.

Grand Total: 310 creatures vanquished

Table legend: (Time is in decaauts)
 A = Elapsed time spent in this place.
 B = Non-inter-level travel time spent in this place.
 C = Inter-level travel time spent in this place.
 D = Time resting spent in this place.
 E = Time spent auto-exploring this place.
 F = Levels seen in this place.
 G = Mean time per level.
                   A        B        C        D        E       F      G
               +--------+--------+--------+--------+--------+-----+--------+
         Total |  10206 |   9828 |    378 |    266 |   7651 |  12 |  850.5 |
       Dungeon |   9872 |   9502 |    370 |    266 |   7403 |  10 |  987.2 |
        Temple |    125 |    117 |      8 |      0 |     96 |   1 |  125.0 |
         Sewer |    207 |    207 |      0 |      0 |    152 |   1 |  207.0 |
               +--------+--------+--------+--------+--------+-----+--------+

Top non-repeatable levels by time:
     D:1: 1427 daAuts
     D:3: 1312 daAuts
     D:4: 1288 daAuts
     D:8: 1161 daAuts
     D:5: 1118 daAuts
     D:9: 994 daAuts
     D:6: 888 daAuts
     D:7: 673 daAuts
     D:2: 591 daAuts
    D:10: 416 daAuts
   Sewer: 207 daAuts
  Temple: 125 daAuts

Table legend:
 A = Non-vault XP
 B = Vault XP
 C = Vault XP percentage of total XP
 D = Non-vault monster count
 E = Vault monster count
 F = Vault count percentage of total count
                 A         B        C        D         E       F
            +---------+---------+-------+---------+---------+-------
      Total |    8860 |    2513 |  22.1 |     194 |      29 |  13.0
            +---------+---------+-------+---------+---------+-------
        D:1 |      49 |       0 |   0.0 |      29 |       0 |   0.0
        D:2 |      43 |       0 |   0.0 |      10 |       0 |   0.0
        D:3 |      39 |     302 |  88.6 |       9 |       8 |  47.1
        D:4 |     765 |       0 |   0.0 |      28 |       0 |   0.0
        D:5 |     854 |      56 |   6.2 |      16 |       5 |  23.8
        D:6 |    1125 |       0 |   0.0 |      20 |       0 |   0.0
        D:7 |    1638 |     108 |   6.2 |      18 |       2 |  10.0
        D:8 |     900 |     731 |  44.8 |      29 |       5 |  14.7
        D:9 |    2383 |       0 |   0.0 |      26 |       0 |   0.0
       D:10 |    1064 |    1171 |  52.4 |       9 |       3 |  25.0
      Sewer |       0 |     145 | 100.0 |       0 |       6 | 100.0
            +---------+---------+-------+---------+---------+-------
